 Dungeon Crawl Stone Soup version 0.29.1-4-g47bece8355 (webtiles) character file.

Game seed: 12163277697924659000

343 mortz the Digger (level 6, -3/32 HPs)
             Began as a Gargoyle Earth Elementalist on Dec 1, 2022.
             Was an Initiate of Hepliaklqana.
             Slain by Dowan
             ... wielding a +1 dagger of protection
              (5 damage)
             ... on level 4 of the Dungeon on Dec 2, 2022.
             The game lasted 00:19:09 (5332 turns).

mortz the Digger (Gargoyle Earth Elementalist)      Turns: 5332, Time: 00:19:10

Health: -3/32      AC:  9    Str: 12    XL:     6   Next: 57%
Magic:  3/11       EV: 11    Int: 17    God:    Hepliaklqana [......]
Gold:   153        SH:  0    Dex: 10    Spells: 6/12 levels left

rFire   . . .      SeeInvis .   a - +4 whip
rCold   . . .      Faith    .   (no shield)
rNeg    + . .      Spirit   .   v - +0 leather armour
rPois   ∞          Reflect  .   (no helmet)
rElec   +          Harm     .   t - +1 cloak
rCorr   .          Rampage  .   (no gloves)
Will    .....                   (no boots)
Stlth   ++........              (no amulet)
HPRegen 0.10/turn               j - +4 ring of slaying
MPRegen 0.12/turn               (no ring)

@: brilliant
A: sickness immunity, AC +4, negative energy resistance 1, electricity
resistance, torment resistance 1, petrification resistance
a: Renounce Religion


You were on level 4 of the Dungeon.
You worshipped Hepliaklqana.
Hepliaklqana was noncommittal.
You visited 1 branch of the dungeon, and saw 4 of its levels.

You collected 153 gold pieces.

Inventory:

Hand Weapons
 a - a +4 whip (weapon)
 b - a +0 war axe
 c - a +0 dagger
 e - a +0 hand axe
 n - a +0 long sword
 q - the +6 sling of Wisdom {vorpal, Str+2}
   (You found it on level 2 of the Dungeon)

   Any ammunition fired from it inflicts extra damage upon your enemies.
   Str:       It affects your strength (+2).
Missiles
 o - 18 poisoned darts
Armour
 d - a +0 ring mail
 l - a +0 robe
 t - a +1 cloak (worn)
 v - a +0 leather armour (worn)
Jewellery
 j - a +4 ring of slaying (left hand)
Scrolls
 f - 2 scrolls of fear
 g - a scroll of enchant weapon
 i - a scroll of magic mapping
 k - a scroll of immolation
 r - 2 scrolls of noise {unknown}
 s - a scroll of enchant armour
 u - a scroll of torment {unknown}
Potions
 h - a potion of brilliance
 p - a potion of magic
 w - a potion of lignification {unknown}
 x - a potion of attraction {unknown}
 z - a potion of heal wounds {unknown}


   Skills:
 + Level 1.1 Armour
 - Level 1.6 Dodging
 - Level 2.3 Stealth
 + Level 3.5 Spellcasting
 + Level 1.2 Conjurations
 + Level 1.4 Transmutations
 * Level 6.8 Earth Magic


You had 6 spell levels left.
You knew the following spells:

 Your Spells              Type           Power      Damage    Failure   Level
a - Sandblast             Erth           78%        2d17      1%          1
p - Passwall              Tmut/Erth      20%        N/A       6%          2
s - Stone Arrow           Conj/Erth      50%        3d10      12%         3

Your spell library contained the following spells:

 Spells                   Type           Power      Damage    Failure   Level
 Static Discharge         Conj/Air       7%         3-4/arc   24%         2
 Petrify                  Tmut/Erth      25%        N/A       36%         4
 Ozocubu's Armour         Ice            4%         N/A       54%         3
 Sticky Flame             Conj/Fire      7%         2d3       85%         4
 Dispel Undead            Necr           4%         3d7       91%         4
 Ozocubu's Refrigeration  Ice            2%         4d7       100%        7


Dungeon Overview and Level Annotations

Branches:
Dungeon (4/15) Zot: 18593
 Temple: D:4-7

Altars:
Hepliaklqana

Annotations:
D:4 Dowan


Innate Abilities, Weirdness & Mutations

You are immune to sickness and miasma.
Your stone body is resilient. (AC +4)
You are immune to poison.
You resist negative energy. (rN+)
You are resistant to electric shocks. (rElec)
You are resistant to unholy torment.
You are immune to petrification.


Message History

Dowan seems to find hidden reserves of power!
Your Armour skill increases to level 1!
Your Conjurations skill increases to level 1!
You feel better.
Dowan hits you with a +1 dagger of protection!
* * * LOW HITPOINT WARNING * * *
Aiming: Sandblast (safe; 1% risk of failure)
Press: ? - help, Q - select action, (/) - cycle Shift-Dir - straight line, f - Dowan
Aim: Dowan, wielding a +1 dagger of protection and wearing a +0 robe (fast, strong, 78% to hit)
You feel a surge of power!
The blast of sand hits Dowan but does no damage.
Dowan says, "Magic will overcome all!"
Dowan gestures wildly while chanting.
Dowan blinks!
Dowan points at you and mumbles some strange words.
Aiming: Sandblast (safe; 1% risk of failure)
Press: ? - help, Q - select action, (/) - cycle Shift-Dir - straight line, f/p - Dowan
Aim: Dowan, wielding a +1 dagger of protection and wearing a +0 robe (fast, strong, 78% to hit)
You feel a surge of power!
The blast of sand hits Dowan!
Dowan is moderately wounded.
Your magical contamination has completely faded away.
Aiming: Sandblast (safe; 1% risk of failure)
Press: ? - help, Q - select action, (/) - cycle Shift-Dir - straight line, f/p - Dowan
Aim: Dowan, wielding a +1 dagger of protection and wearing a +0 robe (moderately wounded, fast, strong, 78% to hit)
You feel a surge of power!
The blast of sand hits Dowan.
Dowan is moderately wounded.
Dowan closely misses you.
Aiming: Sandblast (safe; 1% risk of failure)
Press: ? - help, Q - select action, (/) - cycle Shift-Dir - straight line, f/p - Dowan
Aim: Dowan, wielding a +1 dagger of protection and wearing a +0 robe (moderately wounded, fast, strong, 78% to hit)
You feel a surge of power!
The blast of sand misses Dowan.
Dowan hits you with a +1 dagger of protection.
* * * LOW HITPOINT WARNING * * *
Dowan shakes with grief.
Dowan hits you with a +1 dagger of protection.
* * * LOW HITPOINT WARNING * * *
You whack Dowan!
Dowan is severely wounded.
Dowan hits you with a +1 dagger of protection.
You die...

#.....'..
###########..)..###
#.......#.'.....# #
#.#####.#.#.....# #
#.# #.#.#<#'#.# #
#.# #.#.#.#.#.###
#.# #.#...#.#....
#.#####.#####.#####
#.@e..#.......#
#####.######### .#
##


You could see Dowan (fast, strong).

Vanquished Creatures
  Duvessa (D:4)
  A hound (D:4)
  Natasha (thrice) (D:1)
  4 adders
  3 worms
  4 dart slugs
  An orc (D:3)
  4 ball pythons
  6 endoplasms
  4 giant cockroaches
  5 goblins
  6 hobgoblins
  A jackal (D:2)
  9 kobolds
  4 quokkas
  13 bats
  6 frilled lizards
  28 rats
103 creatures vanquished.

Notes
Turn   | Place    | Note
-------+----------+-------------------------------------------
     0 | D:1      | mortz the Gargoyle Earth Elementalist began the quest for
                  | the Orb.
     0 | D:1      | Reached XP level 1. HP: 10/10 MP: 3/3
   212 | D:1      | Reached XP level 2. HP: 15/15 MP: 3/5
   324 | D:1      | Reached skill level 4 in Earth Magic
   572 | D:1      | Learned a level 2 spell: Passwall
   650 | D:1      | Reached XP level 3. HP: 19/19 MP: 4/6
  1098 | D:2      | Noticed Natasha
  1104 | D:1      | Killed Natasha
  1121 | D:1      | Noticed Natasha
  1126 | D:2      | Reached skill level 5 in Earth Magic
  1211 | D:1      | Killed Natasha
  1212 | D:1      | Reached XP level 4. HP: 24/24 MP: 4/8
  1426 | D:1      | Noticed Natasha
  1431 | D:1      | Killed Natasha
  1984 | D:2      | Reached XP level 5. HP: 28/28 MP: 5/9
  2622 | D:2      | Reached skill level 6 in Earth Magic
  3195 | D:2      | Learned a level 3 spell: Stone Arrow
  3219 | D:2      | Identified the +6 sling of Wisdom {vorpal, Str+2}
  3495 | D:2      | Upgraded the game from 0.29.1-2-gbd0b4ee654 to
                  | 0.29.1-4-g47bece8355
  3543 | D:3      | Reached skill level 1 in Transmutations
  4527 | D:3      | Found a hazy altar of Hepliaklqana.
  4532 | D:3      | Became a worshipper of Hepliaklqana the Forgotten
  4584 | D:3      | Found a faded altar of an unknown god.
  5153 | D:4      | Reached XP level 6. HP: 25/32 MP: 6/11
  5315 | D:4      | Noticed Duvessa
  5316 | D:4      | Noticed Dowan
  5326 | D:4      | Killed Duvessa
  5327 | D:4      | Reached skill level 1 in Armour
  5327 | D:4      | Reached skill level 1 in Conjurations
  5332 | D:4      | Slain by Dowan

Illustrated notes

Levels and vault maps discovered:
D:1:      ncdulo_smallfort, layout_loops_ring
D:2:      minmay_inner_zag, layout_basic, kennysheep_nondescript,
          minmay_rat_hole, uniq_natasha
D:3:      layout_loops_corners, nicolae_hepliaklqana_hippocampus,
          dilly_ecumenical_altar_fadedgnrine
D:4:      layout_basic, trog_hazing_becter, minmay_misc_feat_tiny,
          nicolae_concentric_dashed_squares_mild, uniq_crazy_yiuf_cottage,
          uniq_duvessa

Skill      XL: |  1  2  3  4  5  6 |
---------------+-------------------+-----
Earth Magic    | 4 5 6 |  6.8
Spellcasting   | 3 |  3.5
Transmutations | 1 |  1.4
Armour         | 1 |  1.1
Conjurations   | 1 |  1.2
Dodging        | |  1.6
Stealth        | |  2.3

Action                   |  1- 3 |  4- 6 || total
-------------------------+-------+-------++-------
Melee: Long sword        |       |     1 ||     1
       Whip              |       |     1 ||     1
 Cast: Sandblast         |    43 |   102 ||   145
  Use: Scroll            |       |     9 ||     9
       Potion            |       |     4 ||     4
 Stab: Sleeping          |       |     1 ||     1
Armor: Robe              |     3 |     3 ||     6
       Leather armour    |       |     9 ||     9
Dodge: Dodged            |     7 |    13 ||    20
